[Event "Romanian Women Championship 2024"]
[Site "Eforie Nord"]
[Date "2024.02.29"]
[Round "7.9"]
[White "Obada, Ema"]
[Black "Sariteanu, Sabina"]
[Result "1-0"]
[ECO "B42"]
[WhiteElo "1969"]
[BlackElo "1700"]
[Annotator "NA RC"]
[PlyCount "59"]
[EventDate "2024.02.24"]
[EventType "swiss"]
[EventCountry "ROU"]
[SourceTitle "playchess.com"]
[Source "ChessBase"]
[SourceQuality "1"]
[TimeControl "40/5400+30:900+30"]

1. e4 c5 2. Nf3 e6 3. d4 cxd4 4. Nxd4 a6 5. Bd3 Nf6 6. O-O d6 7. c4 Nc6 8. Nxc6 bxc6 9. Nc3 Be7 10. f4 O-O 11. Kh1 e5 12. Rb1 Qb6 13. h3 exf4 14. Bxf4 Be6 15. b4 Rfd8 16. a4 d5 17. c5 Qa7 18. e5 Ne4 19. Bxe4 dxe4 20. Qe2 a5 21. Nxe4 axb4 22. Qf2 Bf5 23. Rxb4 Bxe4 24. Rxe4 Qxc5 25. Qg3 Qa3 26. Qg4 h5 27. Qxh5 Rxa4 28. Bc1 g6 29. Bxa3 gxh5 30. Rxa4 1-0

[Event "Romanian Women Championship 2024"]
[Site "Eforie Nord"]
[Date "2024.02.29"]
[Round "7.10"]
[White "Sava, Ana-Maria"]
[Black "Sunea, Sara Maria"]
[Result "0-1"]
[ECO "B50"]
[WhiteElo "1916"]
[BlackElo "1561"]
[Annotator "NA RC"]
[PlyCount "96"]
[EventDate "2024.02.24"]
[EventType "swiss"]
[EventCountry "ROU"]
[SourceTitle "playchess.com"]
[Source "ChessBase"]
[SourceQuality "1"]
[TimeControl "40/5400+30:900+30"]

1. e4 c5 2. Nf3 Nc6 3. b3 e5 4. Bb2 d6 5. Nc3 g6 6. Bc4 Bg7 7. h3 Nge7 8. O-O O-O 9. d3 h6 10. Nd5 Kh7 11. Nh2 f5 12. exf5 gxf5 13. f4 a6 14. a4 Rb8 15. fxe5 dxe5 16. Nxe7 Nxe7 17. a5 Bd7 18. Qe1 Qc7 19. Nf3 Ng6 20. Rd1 Rbe8 21. Qd2 Be6 22. Bxe6 Rxe6 23. Rfe1 Nf4 24. Kh1 Rg8 25. Nh4 Bf6 26. Nxf5 Qc6 27. Re4 Rxg2 28. Qxg2 Nxg2 29. Kxg2 Re8 30. Kf2 Qe6 31. Ng3 Bh4 32. Kg2 Bxg3 33. Kxg3 Rg8+ 34. Rg4 h5 35. Rxg8 Qxg8+ 36. Kh2 Qf7 37. Rg1 Qf4+ 38. Kh1 e4 39. dxe4 Qxe4+ 40. Rg2 Qe1+ 41. Kh2 Qxa5 42. Rg7+ Kh6 43. Rg3 Qd2+ 44. Rg2 Qd6+ 45. Kh1 b5 46. Bc1+ Kh7 47. Be3 Qe5 48. Bd2 Qf5 0-1

[Event "Romanian Women Championship 2024"]
[Site "Eforie Nord"]
[Date "2024.02.29"]
[Round "7.11"]
[White "Aldea, Maria-Antonia"]
[Black "Paraschiv, Petronela-Alexandra"]
[Result "1/2-1/2"]
[ECO "E18"]
[WhiteElo "1726"]
[BlackElo "1875"]
[Annotator "NA RC"]
[PlyCount "69"]
[EventDate "2024.02.24"]
[EventType "swiss"]
[EventCountry "ROU"]
[SourceTitle "playchess.com"]
[Source "ChessBase"]
[SourceQuality "1"]
[TimeControl "40/5400+30:900+30"]

1. c4 Nf6 2. Nc3 e6 3. Nf3 b6 4. g3 Bb7 5. Bg2 Be7 6. d4 d5 7. O-O O-O 8. cxd5 exd5 9. Qb3 Nc6 10. Bf4 Na5 11. Qc2 Nc4 12. Rad1 Nd6 13. Ne5 Nfe4 14. Nxe4 dxe4 15. Nc6 Qe8 16. Bxd6 Bxd6 17. Bxe4 f5 18. Bf3 Rf6 19. Ne5 Bxf3 20. Nxf3 f4 21. Kg2 Rh6 22. e4 fxe3 23. Qb3+ Qe6 24. fxe3 Qxb3 25. axb3 Re8 26. Rfe1 Rhe6 27. Rd3 h6 28. Re2 Bb4 29. Ng1 g5 30. Nh3 Bf8 31. Nf2 Bg7 32. e4 Rd6 33. e5 Rd5 34. Kf3 c5 35. dxc5 1/2-1/2

[Event "Romanian Women Championship 2024"]
[Site "Eforie Nord"]
[Date "2024.02.29"]
[Round "7.12"]
[White "Ciocirlan, Bianca-Alexandra"]
[Black "Bira, Andrada-Paraschiva"]
[Result "1/2-1/2"]
[ECO "B33"]
[WhiteElo "1542"]
[BlackElo "1590"]
[Annotator "NA RC"]
[PlyCount "130"]
[EventDate "2024.02.24"]
[EventType "swiss"]
[EventCountry "ROU"]
[SourceTitle "playchess.com"]
[Source "ChessBase"]
[SourceQuality "1"]
[TimeControl "40/5400+30:900+30"]

1. e4 c5 2. Nf3 Nc6 3. d4 cxd4 4. Nxd4 Qb6 5. Nb3 e6 6. Nc3 a6 7. Be3 Qc7 8. Bd3 Be7 9. O-O Nf6 10. f4 d6 11. Qf3 O-O 12. Rae1 b5 13. e5 dxe5 14. fxe5 Nxe5 15. Qxa8 Bb7 16. Qa7 Neg4 17. Bf4 Qc6 18. Re2 Bd8 19. Be3 Nxe3 20. Qxe3 Bb6 21. Nd4 Qd6 22. Kh1 Bxd4 23. Qh3 h6 24. Nd1 Rd8 25. Rd2 Qc7 26. c3 Be5 27. Nf2 Bf4 28. Rdd1 Bg5 29. Ng4 Nd5 30. Be4 Qc4 31. Bxd5 Rxd5 32. Qg3 Rxd1 33. Rxd1 Qe2 34. Re1 Qd2 35. Rf1 Qe2 36. Qf2 Qxf2 37. Rxf2 Bd5 38. b3 f5 39. Ne5 Bf6 40. c4 Be4 41. Nd7 Be7 42. cxb5 axb5 43. Rd2 Bb4 44. Rd4 Bc3 45. Rd6 Kf7 46. Nc5 Bd5 47. Nd3 Be4 48. Nf2 Bd5 49. a4 bxa4 50. bxa4 Ke7 51. Ra6 Bd4 52. Nh3 g5 53. Ng1 g4 54. Ra5 Bc4 55. h3 h5 56. hxg4 hxg4 57. Ra8 Kf6 58. a5 Kg5 59. Rc8 Bd5 60. Ne2 Be5 61. a6 f4 62. Nxf4 Kxf4 63. a7 Bd4 64. a8=Q Bxa8 65. Rxa8 e5 1/2-1/2

[Event "Romanian Women Championship 2024"]
[Site "Eforie Nord"]
[Date "2024.03.01"]
[Round "8.1"]
[White "Sandu, Mihaela"]
[Black "Lehaci, Miruna-Daria"]
[Result "1/2-1/2"]
[ECO "C70"]
[WhiteElo "2265"]
[BlackElo "2227"]
[Annotator "TA"]
[PlyCount "126"]
[EventDate "2024.02.24"]
[EventType "swiss"]
[EventCountry "ROU"]
[SourceTitle "playchess.com"]
[Source "ChessBase"]
[SourceQuality "1"]
[TimeControl "40/5400+30:900+30"]

1. e4 e5 2. Nf3 Nc6 3. Bb5 a6 4. Ba4 Nge7 5. Nc3 Ng6 6. a3 {[%emt 0:15:32] C70: Spanische Partie (Abweichung im 4. Zug).} Nd4 $146 ({Predecessor:} 6... Bc5 7. d3 d6 8. Nd5 O-O 9. c3 Nce7 10. Nxe7+ Qxe7 11. O-O Bb6 12. Bb3 Be6 13. a4 {½-½ Mamedov,R (2646)-Ponkratov,P (2577) Airthings Masters Play In rapid 2023 (8)}) 7. Nxd4 exd4 8. Ne2 b5 9. Bb3 Bb7 10. d3 d5 11. Ng3 dxe4 12. O-O Be7 13. Nxe4 O-O 14. Qh5 Kh8 15. Bd2 f5 16. Ng5 Bxg5 17. Qxg5 Qxg5 18. Bxg5 f4 19. Rfe1 Rf5 $1 20. Be7 Re8 (20... a5 $11 {hält das Gleichgewicht.}) 21. Bb4 $16 Rd8 (21... Rxe1+ 22. Rxe1 h5 23. Re8+ Kh7 24. f3) 22. f3 $1 c5 23. Ba5 Rdf8 24. Re2 Rg5 25. Kf1 Nh4 (25... c4 $16 26. Ba2 Bd5) 26. Rae1 Bc6 (26... Bxf3 $16 27. gxf3 Nxf3) 27. Re6 Nxg2 28. R6e5 $2 (28. Rxc6 Ne3+ 29. Rxe3 fxe3 $17) (28. h4 $1 $18 Nxh4 (28... Nxe1 $2 29. hxg5 Nxf3 30. Rxc6 $18) 29. Rxc6) 28... Rg6 29. Bf7 Ne3+ (29... Rxf7 30. Re8+ Bxe8 31. Rxe8+) (29... Nxe1 $17 30. Bxg6 Nxc2 (30... Nxf3 31. Rh5 $17) 31. Rxc5 Ne3+ (31... Bxf3 32. Rxc2 hxg6 33. h4 $17) (31... hxg6 32. Rxc6 Ne3+ 33. Kg1 $17) 32. Kf2 Nd1+ 33. Ke1 Bxf3 (33... Nxb2 34. Rxc6 hxg6 35. Kd2 $17)) 30. R1xe3 $1 $15 fxe3 31. Bxg6 Rxf3+ 32. Ke1 hxg6 33. Rxc5 Rf6 34. c3 Bf3 35. cxd4 Bh5 36. Re5 e2 37. Kd2 (37. Re8+ Kh7 $17) 37... Rf2 38. Kc3 (38. d5 $14) 38... Rxh2 39. d5 Bg4 40. d6 Rh5 (40... Kg8 $1 $14) 41. Re8+ $1 $16 Kh7 {[%emt 0:00:51] [#]} 42. Kd4 $1 Rh3 ({Günstiger ist} 42... Bd7 43. Rxe2 Kg8) 43. Re7 Bf5 (43... Rh5 $16) 44. Rxe2 $18 Rxd3+ $2 {[%emt 0:00:04] [#]} (44... g5 45. Kc5 (45. Ke5 Bd7 $16) 45... g4) 45. Kc5 $1 $18 g5 46. Rd2 Rxd2 $2 (46... Rf3 47. d7 Bxd7) 47. Bxd2 $18 g4 48. Kb6 Kg6 49. Kxa6 $2 (49. Kc7 $18 g3 50. Be1) 49... Bd7 $1 $11 50. Kb6 Kf5 51. Kc7 Ke6 52. Bf4 g5 53. Bg3 Be8 $1 54. Be1 (54. b3 $5) 54... Bd7 55. Bf2 Be8 56. Bg3 Bd7 57. b3 Be8 58. Bh2 Bd7 59. Kb6 Be8 60. Kc5 Bd7 61. Kb4 Kd5 62. a4 bxa4 63. bxa4 Kc6 (63... g3 64. Bxg3 Be6 (64... Kc6 65. Bh2 $14) 65. a5) 1/2-1/2

[Event "Romanian Women Championship 2024"]
[Site "Eforie Nord"]
[Date "2024.03.01"]
[Round "8.2"]
[White "Cosma, Elena-Luminita"]
[Black "Ciolacu, Alessia-Mihaela"]
[Result "1/2-1/2"]
[ECO "A13"]
[WhiteElo "2236"]
[BlackElo "2175"]
[Annotator "TA"]
[PlyCount "80"]
[EventDate "2024.02.24"]
[EventType "swiss"]
[EventCountry "ROU"]
[SourceTitle "playchess.com"]
[Source "ChessBase"]
[SourceQuality "1"]
[TimeControl "40/5400+30:900+30"]

1. Nf3 Nf6 2. g3 d5 3. Bg2 e6 4. O-O c5 5. c4 d4 6. e3 Nc6 7. exd4 cxd4 8. d3 Bd6 9. Na3 O-O 10. Nc2 e5 11. b4 Re8 12. c5 Bc7 13. Bg5 h6 14. Bxf6 Qxf6 15. Nd2 (15. b5 $1 $14 Ne7 16. Nd2) 15... Bf5 (15... Qe7 $11) 16. Ne4 (16. b5 $14 {was preferrable.} Na5 17. Nb4) 16... Qg6 $11 17. Qd2 Ne7 (17... Rab8 $5) 18. Na3 Qa6 {[%emt 0:09:30] Wards off Nb5} (18... Bd7 $1 $11) 19. Nc4 $16 Bxe4 20. Bxe4 f5 21. Bg2 e4 22. Rfc1 e3 23. fxe3 dxe3 24. Qxe3 f4 25. Qe4 {[%emt 0:11:03] Nd6 would now be deadly.} (25. Qf3 {simplifies} Rad8 26. Qxb7 Qxb7 27. Bxb7 fxg3 28. hxg3 Nd5 29. Nd6) 25... fxg3 26. h3 (26. Qxb7 $6 gxh2+ 27. Kh1 Qxb7 28. Bxb7 Rab8 $11) (26. Rf1 $1 $16) 26... Rab8 (26... Rad8 $11 27. Qxb7 Qxb7 28. Bxb7 Ng6) 27. Re1 $14 Qb5 {[%emt 0:01:22] Black is weak on the light squares} 28. Kh1 (28. a3 $16) 28... Kh8 {[%emt 0:00:53] [#]} ({Black should play} 28... Qxb4 $14 29. Nd6 Qxe4 30. Bxe4 Rf8) 29. a3 $1 $16 (29. Nd6 $6 Bxd6 30. cxd6 Nf5 $15) 29... a5 {[%emt 0:00:39] [#]} (29... Ng8 $142 30. Qd5 Rf8) 30. Qg4 {[%emt 0:01:45] White is much more active.} (30. Nd6 $6 Bxd6 31. cxd6 Nf5 $11) (30. Qe6 $1 $16 {[%cal Re6f7] Black must now prevent Qf7.} axb4 31. Qf7 Qxc5 32. axb4) 30... axb4 $11 (30... Rbd8 31. Rf1 Rf8 32. Qe4 $18) 31. axb4 Qxb4 {[%emt 0:01:10] [#]} 32. Nd6 $1 Qxg4 33. hxg4 Bxd6 34. cxd6 Nc6 (34... Ng8 $1 $11 {and Black is okay.}) 35. Bxc6 $2 (35. d7 $18 Red8 36. Rab1 Rxd7 37. Bxc6 Rxd3 38. Rxb7 (38. Bxb7 g6 $16)) 35... bxc6 $18 {[%emt 0:00:13] KRR-KRR. The position is equal.} ({But not} 35... Rxe1+ $2 36. Rxe1 bxc6 37. d7 $18) 36. d7 Red8 37. Ra7 Kg8 38. Re6 c5 39. Rc6 Rf8 40. Kg2 {[%emt 0:00:00][%mdl 1024] White has compensation.} Rb2+ {[%emt 0:00:00] Weighted Error Value: White=0.29 (precise) /Black=0.26 (precise) .  Loses game:     	---       	Black=1      Missed win:     	White=1     	---        Mistake:       	White=5     	Black=5      Inaccurate:     	White=2     	Black=6      OK:         	White=9     	Black=11     Best:        	White=2     	Black=1      Strong:       	White=1     	---} 1/2-1/2

[Event "Romanian Women Championship 2024"]
[Site "Eforie Nord"]
[Date "2024.03.01"]
[Round "8.3"]
[White "Peptan, Corina-Isabela"]
[Black "Iordache, Alexia-Andreea"]
[Result "1-0"]
[ECO "A32"]
[WhiteElo "2314"]
[BlackElo "1769"]
[Annotator "TA"]
[PlyCount "47"]
[EventDate "2024.02.24"]
[EventType "swiss"]
[EventCountry "ROU"]
[SourceTitle "playchess.com"]
[Source "ChessBase"]
[SourceQuality "1"]
[TimeControl "40/5400+30:900+30"]

1. d4 Nf6 2. Nf3 e6 3. c4 c5 4. Nc3 cxd4 5. Nxd4 d5 6. e3 Be7 7. cxd5 Nxd5 8. Bb5+ Bd7 {[%emt 0:01:26] White is slightly better.} 9. Nxd5 exd5 10. O-O Nc6 11. Ne2 Be6 12. Nf4 O-O 13. e4 d4 (13... dxe4 $11 14. Nxe6 fxe6) 14. Nxe6 $16 fxe6 15. Qb3 Qc8 16. Bc4 Rf6 {[%emt 0:02:11] [#]} 17. Bd2 $36 {[%emt 0:00:06][%mdl 2048] Against Na5. White has strong initiative. White is more active.} Rb8 {[%emt 0:22:06] [#]} (17... Ne5 $16 18. Rfc1 Bc5) 18. f4 $1 $18 {[%emt 0:03:49] Hoping for e5.} b5 19. Bd3 {[%emt 0:00:06][%cal Oa1c1] Strongly threatening Rac1! A strong pair of Bishops.} (19. Bxb5 $2 a6 20. a4 axb5 21. axb5 Qb7 $19) 19... a5 $2 (19... Qd8 {was worth a try.} 20. Rac1 (20. Bxb5 d3 $17) 20... Na5 21. Bxa5 Qxa5) 20. e5 {[%emt 0:00:43] White is clearly winning.} (20. Bxb5 Bb4 21. e5 Rf8 $19) 20... Rf8 21. Rac1 (21. Bxb5 Bb4 22. Bxc6 Bxd2 $15) 21... Kh8 (21... Rb6 $142 22. Qc2 (22. Bxb5 Bb4 $18) 22... h6 23. Bxa5 Ra6) 22. Be4 Rb6 23. Qf3 Nxe5 24. Qh3 {[%emt 0:00:17] Weighted Error Value: White=0.08 (flawless) /Black=0.55.  Mistake:       	---       	Black=4      OK:         	White=9     	Black=6      Best:        	White=2     	---        Strong:       	White=1     	---} 1-0

[Event "Romanian Women Championship 2024"]
[Site "Eforie Nord"]
[Date "2024.03.01"]
[Round "8.4"]
[White "Trifoi, Mihaela-Ioana"]
[Black "Maria, Lia-Alexandra"]
[Result "1-0"]
[ECO "C02"]
[WhiteElo "2003"]
[BlackElo "1937"]
[Annotator "NA RC"]
[PlyCount "107"]
[EventDate "2024.02.24"]
[EventType "swiss"]
[EventCountry "ROU"]
[SourceTitle "playchess.com"]
[Source "ChessBase"]
[SourceQuality "1"]
[TimeControl "40/5400+30:900+30"]

1. e4 e6 2. d4 d5 3. e5 c5 4. c3 Nc6 5. Nf3 Bd7 6. Be2 f6 7. O-O fxe5 8. dxe5 Qc7 9. Bf4 O-O-O 10. Na3 a6 11. Nc2 Nh6 12. Re1 Nf7 13. Bf1 Be7 14. Ne3 Be8 15. a3 g5 16. Bg3 h5 17. h3 Nh6 18. b4 Nf5 19. Bh2 g4 20. hxg4 Nxe3 21. Rxe3 hxg4 22. Nd2 Bg5 23. Qxg4 Bxe3 24. fxe3 Qe7 25. Bf4 Bh5 26. Qg5 Qh7 27. Qh4 Qc2 28. Qe1 Qf5 29. bxc5 Nxe5 30. Qb1 Nc6 31. Qb6 e5 32. Rb1 Qd7 33. Bxa6 Rh7 34. Bh2 Rg8 35. Bxe5 Be8 36. Bf4 Qg7 37. g3 Rgh8 38. Nf1 Rh1+ 39. Kf2 R8h7 40. Bd3 Bg6 41. Qb5 Ne5 42. Bf5+ Kb8 43. Bxg6 Qxg6 44. Bxe5+ Kc8 45. Rb2 Qe6 46. Bf4 Qe4 47. g4 R1h3 48. Ng3 Rh2+ 49. Kg1 Rxb2 50. Qxb2 Qd3 51. g5 Qd1+ 52. Kg2 Qg4 53. c6 Rf7 54. Qb6 1-0

[Event "Romanian Women Championship 2024"]
[Site "Eforie Nord"]
[Date "2024.03.01"]
[Round "8.5"]
[White "Stanciu, Andreea-Briana"]
[Black "Pirvulescu, Ekaterina"]
[Result "1-0"]
[ECO "B48"]
[WhiteElo "1960"]
[BlackElo "2091"]
[Annotator "NA RC"]
[PlyCount "73"]
[EventDate "2024.02.24"]
[EventType "swiss"]
[EventCountry "ROU"]
[SourceTitle "playchess.com"]
[Source "ChessBase"]
[SourceQuality "1"]
[TimeControl "40/5400+30:900+30"]

1. e4 c5 2. Nf3 e6 3. d4 cxd4 4. Nxd4 Nc6 5. Nc3 Qc7 6. Be3 a6 7. a3 b5 8. Nxc6 Qxc6 9. Bd3 Bb7 10. Qd2 b4 11. axb4 Bxb4 12. Bd4 f6 13. O-O e5 $14 14. Be3 Ne7 15. Qe2 Bxc3 16. bxc3 O-O 17. c4 f5 18. f3 f4 19. Bf2 d6 20. Rfb1 Qc7 21. Bb6 Qc8 22. c5 dxc5 23. Ra5 Nc6 24. Rxc5 Kh8 25. Bc4 Re8 26. Rd1 Re7 27. Rd6 Qe8 28. c3 h6 29. Qd1 Kh7 30. Bb3 Rc8 31. Ba4 Re6 32. Rd7 Re7 33. Rcd5 Ba8 34. Rd8 Rxd8 35. Rxd8 Qf7 36. Rxa8 Qc4 37. Rc8 1-0

[Event "Romanian Women Championship 2024"]
[Site "Eforie Nord"]
[Date "2024.03.01"]
[Round "8.6"]
[White "Sunea, Sara Maria"]
[Black "Obada, Ema"]
[Result "0-1"]
[ECO "C17"]
[WhiteElo "1561"]
[BlackElo "1969"]
[Annotator "NA RC"]
[PlyCount "62"]
[EventDate "2024.02.24"]
[EventType "swiss"]
[EventCountry "ROU"]
[SourceTitle "playchess.com"]
[Source "ChessBase"]
[SourceQuality "1"]
[TimeControl "40/5400+30:900+30"]

1. e4 e6 2. d4 d5 3. Nc3 Bb4 4. e5 c5 5. Bd2 Ne7 6. a3 Bxc3 7. Bxc3 Nbc6 8. Nf3 Nf5 9. Be2 O-O 10. Qd2 c4 11. h4 f6 12. g4 Nfe7 13. Rg1 Rb8 14. g5 f5 15. Bb4 Nxb4 16. axb4 Qb6 17. c3 Bd7 18. Kf1 Ra8 19. Kg2 a5 20. bxa5 Rxa5 21. Rab1 Ra2 22. Bd1 Rfa8 23. Qc1 Ba4 24. Nd2 Bxd1 25. Rxd1 Qa6 26. Re1 Nc6 27. Kg1 b5 28. b4 Qa7 29. Qd1 Nxd4 30. cxd4 Qxd4 31. Re2 c3 0-1

[Event "Romanian Women Championship 2024"]
[Site "Eforie Nord"]
[Date "2024.03.01"]
[Round "8.7"]
[White "Schiopu, Oana-Magdalena"]
[Black "Hoanca, Alexia-Ioana"]
[Result "1-0"]
[ECO "B18"]
[WhiteElo "1750"]
[BlackElo "1748"]
[Annotator "NA RC"]
[PlyCount "95"]
[EventDate "2024.02.24"]
[EventType "swiss"]
[EventCountry "ROU"]
[SourceTitle "playchess.com"]
[Source "ChessBase"]
[SourceQuality "1"]
[TimeControl "40/5400+30:900+30"]

1. e4 c6 2. d4 d5 3. Nc3 dxe4 4. Nxe4 Bf5 5. Ng3 Bg6 6. N1e2 Nf6 7. Nf4 e5 8. Nxg6 hxg6 9. Be3 Nd5 10. c3 Nxe3 11. fxe3 Nd7 12. Bc4 Qe7 13. Qe2 O-O-O 14. O-O-O e4 15. d5 c5 16. d6 Qe8 17. Bb5 f5 18. Qc4 Kb8 19. Ne2 g5 20. h4 g6 21. Rh3 g4 22. Rg3 Bg7 23. Bxd7 Rxd7 24. Qxc5 Be5 25. Nf4 Bxf4 26. exf4 Qe6 27. Qe5 Qxe5 28. fxe5 Re8 29. Rd5 b6 30. Kd2 Kb7 31. Ke3 Kc6 32. c4 Rh8 33. b4 Re8 34. Kf4 a6 35. a4 Rdd8 36. Rc3 Kd7 37. b5 Ke6 38. bxa6 Ra8 39. d7 Red8 40. Rd6+ Ke7 41. Rxg6 Rxa6 42. e6 Ra5 43. Rb3 Rxa4 44. Rxb6 e3 45. Rg7+ Kf6 46. e7+ Kxg7 47. exd8=Q e2 48. Qf6+ 1-0

[Event "Romanian Women Championship 2024"]
[Site "Eforie Nord"]
[Date "2024.03.01"]
[Round "8.8"]
[White "Paraschiv, Petronela-Alexandra"]
[Black "Chicarosie, Ioana-Bianca"]
[Result "1/2-1/2"]
[ECO "D00"]
[WhiteElo "1875"]
[BlackElo "1705"]
[Annotator "NA RC"]
[PlyCount "74"]
[EventDate "2024.02.24"]
[EventType "swiss"]
[EventCountry "ROU"]
[SourceTitle "playchess.com"]
[Source "ChessBase"]
[SourceQuality "1"]
[TimeControl "40/5400+30:900+30"]

1. d4 d5 2. Nc3 e6 3. Bf4 Bd6 4. Bxd6 Qxd6 5. e3 a6 6. Qg4 g6 7. Bd3 f5 8. Qh4 Qe7 9. Qxe7+ Kxe7 10. h4 Nf6 11. Nf3 Nbd7 12. b4 c6 13. a4 b6 14. O-O a5 15. Rfb1 axb4 16. Rxb4 Ba6 17. Rbb1 Rhb8 18. Kf1 Ne4 19. Ne2 Kd6 20. Ke1 Ra7 21. Nd2 Bxd3 22. cxd3 Nxd2 23. Kxd2 Rba8 24. Nc3 b5 25. Ra2 Nb6 26. Kc2 Kc7 27. Rba1 bxa4 28. g3 Ra5 29. Rb1 R8a6 30. Ra3 c5 31. Rba1 Kd6 32. f4 c4 33. R3a2 cxd3+ 34. Kxd3 Nc4 35. Ke2 a3 36. Rb1 Nb2 37. Rxa3 Rxa3 1/2-1/2

[Event "Romanian Women Championship 2024"]
[Site "Eforie Nord"]
[Date "2024.03.01"]
[Round "8.9"]
[White "Vorniceanu, Alina"]
[Black "Batagan, Ilinca-Petra"]
[Result "0-1"]
[ECO "D94"]
[WhiteElo "1476"]
[BlackElo "1859"]
[Annotator "NA RC"]
[PlyCount "136"]
[EventDate "2024.02.24"]
[EventType "swiss"]
[EventCountry "ROU"]
[SourceTitle "playchess.com"]
[Source "ChessBase"]
[SourceQuality "1"]
[TimeControl "40/5400+30:900+30"]

1. c4 Nf6 2. Nf3 g6 3. d4 Bg7 4. Nc3 d5 5. e3 O-O 6. h3 c5 7. Bd3 cxd4 8. exd4 Nc6 9. a3 a6 10. O-O dxc4 11. Bxc4 b5 12. Ba2 e6 13. Be3 Ne7 14. Rc1 Bb7 15. Qe2 Ned5 16. Rfd1 Qb6 17. Ne5 Nxe3 18. Qxe3 Rfd8 19. Qf4 Qa7 20. g4 Bd5 21. Nxd5 Nxd5 22. Qg3 Qb7 23. Rc2 Rac8 24. Rdc1 Rxc2 25. Rxc2 Rc8 26. Bxd5 exd5 27. Rc3 Bxe5 28. dxe5 d4 29. Rxc8+ Qxc8 30. Qf4 Qd7 31. Kf1 Qd5 32. Ke1 d3 33. Qe3 Qh1+ 34. Kd2 Qb1 35. Qxd3 Qxb2+ 36. Kd1 Qxe5 37. Kc2 Qc5+ 38. Kb3 Qxf2 39. g5 Qb6 40. h4 a5 41. Qc3 Qe6+ 42. Kb2 Qe2+ 43. Ka1 Qd1+ 44. Ka2 Qd5+ 45. Ka1 a4 46. Qc8+ Kg7 47. Qg4 Kf8 48. Qc8+ Kg7 49. Qc3+ Kf8 50. Qc8+ Ke7 51. Qc7+ Ke6 52. Qc8+ Ke5 53. Qc7+ Kf5 54. Qc1 Kg4 55. Qe1 Qd4+ 56. Ka2 Qc4+ 57. Ka1 Kf4 58. Qf2+ Ke4 59. Qe1+ Kd5 60. Qe7 Qd4+ 61. Ka2 Qc4+ 62. Ka1 Kd4 63. Qf6+ Ke3 64. Qe5+ Kf3 65. Qe1 Qd4+ 66. Ka2 Qe3 67. Qh1+ Kg3 68. Qd5 Qe6 0-1

[Event "Romanian Women Championship 2024"]
[Site "Eforie Nord"]
[Date "2024.03.01"]
[Round "8.10"]
[White "Sariteanu, Sabina"]
[Black "Aldea, Maria-Antonia"]
[Result "0-1"]
[ECO "B25"]
[WhiteElo "1700"]
[BlackElo "1726"]
[Annotator "NA RC"]
[PlyCount "144"]
[EventDate "2024.02.24"]
[EventType "swiss"]
[EventCountry "ROU"]
[SourceTitle "playchess.com"]
[Source "ChessBase"]
[SourceQuality "1"]
[TimeControl "40/5400+30:900+30"]

1. e4 c5 2. Nc3 Nc6 3. g3 g6 4. Bg2 Bg7 5. d3 d6 6. f4 e5 7. Nf3 Nge7 8. O-O O-O 9. Be3 b6 10. h3 Be6 11. Ng5 h6 12. Nxe6 fxe6 13. Qd2 Kh7 14. fxe5 Nxe5 15. Rxf8 Qxf8 16. Rf1 Qd8 17. Ne2 Qd7 18. Nf4 Rf8 19. c3 d5 20. h4 d4 21. cxd4 cxd4 22. Bf2 Ng4 23. Qd1 h5 24. Qb3 Rf6 25. e5 Nxe5 26. Re1 Qd6 27. Qb5 Ng4 28. Nh3 Nxf2 29. Nxf2 Qxg3 30. Re2 Qxh4 31. Ne4 Rf5 32. Qd7 Be5 33. Rf2 Bh2+ 34. Kf1 Rxf2+ 35. Nxf2 Qf6 36. Ke2 Kh6 37. Ne4 Qg7 38. Qxa7 Nd5 39. Qa8 Nf4+ 40. Kf3 Nxd3 41. Qe8 e5 42. Bh3 Nc5 43. Nxc5 Qf6+ 44. Ke2 bxc5 45. Bg2 c4 46. Qa8 Bg3 47. a4 d3+ 48. Kd2 Qf2+ 49. Kc3 Qd4+ 50. Kb4 d2 51. Qh8+ Kg5 52. Bf3 d1=Q 53. Bxd1 Qxd1 54. Qf8 Be1+ 55. Kc5 Qd7 56. Qf1 Bd2 57. Qg2+ Kh6 58. Kxc4 Qxa4+ 59. Kc5 Be3+ 60. Kd6 Qd4+ 61. Ke6 Qg4+ 62. Qxg4 hxg4 63. Kxe5 g3 64. Ke4 g2 65. Kxe3 g1=Q+ 66. Kd3 g5 67. Kc4 g4 68. b4 g3 69. b5 g2 70. Kd5 Qd1+ 71. Kc6 g1=Q 72. b6 Qg6+ 0-1

[Event "Romanian Women Championship 2024"]
[Site "Eforie Nord"]
[Date "2024.03.01"]
[Round "8.11"]
[White "Badica, Ariana"]
[Black "Sava, Ana-Maria"]
[Result "1-0"]
[ECO "B12"]
[WhiteElo "1494"]
[BlackElo "1916"]
[Annotator "NA RC"]
[PlyCount "65"]
[EventDate "2024.02.24"]
[EventType "swiss"]
[EventCountry "ROU"]
[SourceTitle "playchess.com"]
[Source "ChessBase"]
[SourceQuality "1"]
[TimeControl "40/5400+30:900+30"]

1. e4 c6 2. d4 d5 3. e5 g6 4. Nf3 Bg4 5. Be2 Bxf3 6. Bxf3 Bg7 7. O-O e6 8. Bf4 Ne7 9. Qd2 Nf5 10. Nc3 Nd7 11. Rae1 Qb6 12. Ne2 h5 13. c3 Nh4 14. Qd3 c5 15. Be3 c4 16. Qc2 Nxf3+ 17. gxf3 O-O-O 18. b3 Qc7 19. bxc4 dxc4 20. Rb1 Bh6 21. f4 Qc6 22. d5 Qxd5 23. Rfd1 Qa5 24. Nd4 Nxe5 25. Qe4 Rd5 26. fxe5 Bxe3 27. fxe3 h4 28. Rb4 Rh5 29. Rxc4+ Kb8 30. Rb1 Rg5+ 31. Kh1 Qa6 32. Nc6+ Ka8 33. Nb4 1-0

[Event "Romanian Women Championship 2024"]
[Site "Eforie Nord"]
[Date "2024.03.01"]
[Round "8.12"]
[White "Puia, Alexia-Teodora"]
[Black "Petculescu, Diana-Silvana"]
[Result "1-0"]
[ECO "D00"]
[WhiteElo "1751"]
[BlackElo "1556"]
[Annotator "NA RC"]
[PlyCount "69"]
[EventDate "2024.02.24"]
[EventType "swiss"]
[EventCountry "ROU"]
[SourceTitle "playchess.com"]
[Source "ChessBase"]
[SourceQuality "1"]
[TimeControl "40/5400+30:900+30"]

1. d4 Nf6 2. Bg5 d5 3. Bxf6 exf6 4. e3 Bd6 5. c4 dxc4 6. Bxc4 O-O 7. Nc3 f5 8. Qf3 Nc6 9. Nge2 Re8 10. O-O-O Qg5 11. g3 Bd7 12. Rhg1 a6 13. h4 Qg4 14. Qh1 Qh5 15. Nf4 Qh6 16. Nh3 Be7 17. Kb1 Rab8 18. Nd5 b5 19. Bb3 Qd6 20. Rc1 Rbc8 21. Rc5 Na5 22. Nxe7+ Qxe7 23. Bc2 g6 24. h5 Bc6 25. Rxc6 Nxc6 26. Qxc6 Qd6 27. Qxd6 cxd6 28. Nf4 Kg7 29. g4 fxg4 30. Rxg4 Rc4 31. Bb3 Rc6 32. hxg6 hxg6 33. a3 Rh8 34. Bd5 Rc7 35. Rxg6+ 1-0